 Dungeon Crawl Stone Soup version 0.31.0-11-ge490571c62 (webtiles) character file.

Game seed: 9638951357434916925

37 Peloso the Trooper (level 3, -2/34 HPs)
             Began as a Minotaur Fighter on Feb 9, 2024.
             Slain by a gnoll
             ... wielding a +0 spear
              (3 damage)
             ... on level 2 of the Dungeon.
             The game lasted 00:01:32 (862 turns).

Peloso the Trooper (Minotaur Fighter)                Turns: 862, Time: 00:01:33

Health: -2/34      AC:  7    Str: 20    XL:     3   Next: 21%
Magic:  2/2        EV:  9    Int:  5    God:
Gold:   118        SH:  4    Dex: 11    Spells: 2/2 levels left

rFire   . . .        a - +0 long sword
rCold   . . .        c - +0 buckler
rNeg    . . .        b - +0 scale mail
rPois   .            (helmet restricted)
rElec   .            (no cloak)
rCorr   .            (no gloves)
SInv    .            (no boots)
Will    .....        (no amulet) Stlth
                     (no ring)
HPRegen 0.25/turn    (no ring)
MPRegen 0.08/turn

%: no passive effects
@: no status effects
A: horns 2, retaliatory headbutt
a: no special abilities


You were on level 2 of the Dungeon.
You visited 1 branch of the dungeon, and saw 2 of its levels.

You collected 118 gold pieces.

Inventory:

Hand Weapons
 a - a +0 long sword (weapon)
Armour
 b - a +0 scale mail (worn)
 c - a +0 buckler (worn)
Talismans
 f - a serpent talisman
Scrolls
 e - a scroll of identify
 g - a scroll of brand weapon {unknown}
Potions
 d - a potion of might
 h - 2 potions of lignification


   Skills:
 + Level 4.4 Fighting
 + Level 2.7 Long Blades
 + Level 4.0 Armour
 + Level 4.1 Shields


You had 2 spell levels left.
You didn't know any spells.
Your spell library was empty.

Dungeon Overview and Level Annotations

Branches:
Dungeon (2/15)

Altars:


Innate Abilities, Weirdness & Mutations

You have a pair of horns on your head.
You reflexively headbutt those who attack you in melee.


Message History

You headbutt the hobgoblin.
You kill the hobgoblin!
You see here a hobgoblin corpse.
A gnoll is nearby!
A gnoll comes into view. It is wielding a +0 spear.
You barely miss the gnoll.
The gnoll shouts!
A gnoll comes into view. It is wielding a +0 spear.
The gnoll shouts!
The gnoll hits you with a +0 whip!
A gnoll comes into view. It is wielding a +4 whip.
You hit the gnoll but do no damage. The gnoll closely misses you.
The gnoll hits you with a +0 whip. The gnoll closely misses you.
You furiously retaliate!
You headbutt the gnoll!
The gnoll hits you from afar with a +0 spear.
The gnoll hits you with a +0 spear.
Unknown command.
The gnoll hits you but does no damage. You block the gnoll's attack.
You block the gnoll's attack. The gnoll attacks as it pursues you!
You block the gnoll's attack. The gnoll attacks as it pursues you!
The gnoll hits you with a +0 whip! The gnoll attacks as it pursues you!
The gnoll hits you but does no damage. The gnoll barely misses you.
Found an escape hatch in the ceiling.
The gnoll attacks as it pursues you!
The gnoll hits you from afar with a +0 spear.
The gnoll attacks as it pursues you! The gnoll hits you with a +0 whip.
* * * LOW HITPOINT WARNING * * *
The gnoll hits you from afar with a +0 spear.
* * * LOW HITPOINT WARNING * * *
The gnoll hits you from afar with a +0 spear.
* * * LOW HITPOINT WARNING * * *
The gnoll closely misses you. You block the gnoll's attack.
The gnoll attacks as it pursues you! You block the gnoll's attack.
There is an escape hatch in the ceiling here.
The gnoll hits you from afar with a +0 spear.
* * * LOW HITPOINT WARNING * * *
The gnoll hits you from afar with a +0 spear.
You die...

..## #.##.#.#.####.....
.. ##.##.............. .
........#.###...### ..
.###.###..#..##...# ..
.......#.##..††..# #.
#..##.......#...#
#..#.......#g......###
.###.....g...#..........
.......@gg...#.#.....##.
#........g.........#####
..###.#....#..#.##..# #
#..##........##..# #.
#......#####.# ..
##........ ..... ##
.........## .....
##.........##.....
#......##........


You could see 4 gnolls.

Vanquished Creatures
  A ribbon worm (D:2)
  2 dart slugs (D:1)
  2 ball pythons
  4 bats
  An endoplasm (D:1)
  3 giant cockroaches
  2 goblins
  2 hobgoblins (D:2)
  3 jackals (D:2)
  2 frilled lizards (D:1)
  2 kobolds (D:1)
  4 rats
28 creatures vanquished.

Notes
Turn   | Place    | Note
-------+----------+-------------------------------------------
     0 | D:1      | Peloso the Minotaur Fighter began the quest for the Orb.
     0 | D:1      | Reached XP level 1. HP: 19/19 MP: 0/0
   117 | D:1      | Found a faded altar of an unknown god.
   147 | D:1      | Reached XP level 2. HP: 26/27 MP: 1/1
   740 | D:2      | Reached XP level 3. HP: 33/33 MP: 2/2
   862 | D:2      | HP: 1/34 [gnoll/+0 spear (3)]
   862 | D:2      | Slain by a gnoll

Illustrated notes

Levels and vault maps discovered:
D:1:      dpeg_arrival_shelter, layout_loops_cross,
          ebering_ecumenical_altar_mist
D:2:      layout_rooms, kennysheep_cross_bottleneck, grunt_ministairs_7

Skill      XL: |  1  2 |
---------------+-------+-----
Armour         | 4 |  4.0
Fighting       | 4 |  4.4
Shields        | 4 |  4.1
Long Blades    | |  2.7

Action                     || total
---------------------------++-------
  Melee: Long sword        ||    48
         Headbutt          ||    14
    Use: Scroll            ||     2
 Armour: Scale mail        ||    52
  Dodge: Dodged            ||    35
  Block: Buckler           ||    14
